AoeStats
← Dougladhnn

Black Forest

504490103Analyzed
4v4 RM · 28d ago on Sep 5, 2026· 81m 49s· 8 players
Game mode
Random Map
Map size
Large (8 player)
Population
200
Speed
Normal
Resources
Standard
Victory
Conquest
Starting age
Dark Age
Ending age
Imperial Age
RankedLock teamsTeams togetherTeam positionsShared explorationLock speedFull tech treeHidden civsTurbo modeCheats
Victory
Defeat
🇩🇪 Tatars · Germany
845
+16
🇫🇷 Bohemians · France
806
+17
🇨🇦 Burgundians · Canada
782
+18
🇪🇸 Saracens · Spain
918
-20
🇪🇸 Franks · Spain
827
-17
🇪🇸 Malay · Spain
824
-16
🇧🇷 Vikings · Brazil
760
-14
aelenon
1:05 Loom
15:03 Feudal Age
16:23 Double-Bit Axe
16:21 Horse Collar
20:11 Castle Age
21:30 Horse Collar
31:20 Wheelbarrow
31:18 Heavy Plow
32:23 Hand Cart
36:12 Double-Bit Axe
37:04 Crop Rotation
36:06 Cavalier
36:47 Husbandry
40:54 Imperial Age
38:36 Fletching
38:47 Padded Archer Armor
39:43 Ballistics
42:36 Chemistry
41:12 Elite Coustillier
42:13 Conscription
41:55 Paladin
43:47 Caravan
45:41 Burgundian Vineyards
46:07 Onager
我是厨子不是愚公,只会做饭不会易大山
0:30 Loom
13:02 Feudal Age
14:37 Double-Bit Axe
16:30 Wheelbarrow
16:49 Horse Collar
23:49 Castle Age
22:10 Gold Mining
23:15 Stone Mining
25:27 Bow Saw
28:19 Fervor
32:43 Heavy Plow
33:10 Hand Cart
36:10 Imperial Age
35:59 Fletching
36:09 Padded Archer Armor
36:53 Fortified Wall
36:23 Treadmill Crane
38:00 Two-Man Saw
37:40 Caravan
38:20 Masonry
38:31 Bombard Tower
38:12 Bodkin Arrow
38:32 Leather Archer Armor
40:32 Conscription
40:13 Artillery
40:30 Bracer
41:00 Ring Archer Armor
43:24 Architecture
49:05 Scale Barding Armor
49:36 Ballistics
49:20 Elite Janissary
58:12 Gold Shaft Mining
60:54 Forging
61:05 Chain Barding Armor
61:26 Bloodlines
62:24 Iron Casting
63:52 Plate Barding Armor
82:23 Blast Furnace
madmax
0:29 Loom
12:01 Feudal Age
12:26 Horse Collar
12:34 Double-Bit Axe
14:44 Scale Barding Armor
16:40 Wheelbarrow
16:48 Forging
17:20 Bloodlines
23:34 Castle Age
22:13 Fletching
22:57 Padded Archer Armor
23:43 Light Cavalry
24:47 Chain Barding Armor
24:52 Bow Saw
24:53 Heavy Plow
24:59 Gold Mining
25:03 Stone Mining
25:25 Caravan
28:21 Hand Cart
28:48 Leather Archer Armor
31:50 Gold Shaft Mining
32:09 Town Watch
33:26 Iron Casting
33:45 Silk Armor
36:22 Imperial Age
36:25 Bodkin Arrow
37:21 Husbandry
38:39 Conscription
39:06 Ring Archer Armor
38:37 Bracer
39:16 Crop Rotation
38:30 Heavy Camel Rider
38:35 Elite Steppe Lancer
40:04 Plate Barding Armor
40:30 Blast Furnace
38:54 Heavy Cavalry Archer
39:31 Hussar
45:08 Chemistry
44:57 Ballistics
44:46 Siege Engineers
46:42 Masonry
46:46 Timurid Siegecraft
47:33 Fortified Wall
47:18 Murder Holes
47:04 Treadmill Crane
48:22 Elite Skirmisher
49:07 Scale Mail Armor
58:46 Pikeman
59:26 Squires
59:12 Arson
72:11 Guilds
75:07 Heavy Scorpion
77:16 Town Patrol
La Fleur2926
0:46 Loom
13:16 Feudal Age
19:10 Castle Age
17:33 Double-Bit Axe
18:17 Horse Collar
26:15 Wheelbarrow
26:31 Heavy Plow
27:37 Hand Cart
31:57 Imperial Age
29:52 Bow Saw
31:16 Caravan
31:37 Scale Barding Armor
31:44 Forging
31:35 Scale Mail Armor
32:43 Chemistry
33:19 Houfnice
34:22 Fortified Wall
34:32 Ballistics
36:28 Two-Man Saw
35:54 Chain Barding Armor
35:50 Chain Mail Armor
36:11 Iron Casting
35:05 Elite Hussite Wagon
36:15 Cavalier
38:34 Plate Mail Armor
38:49 Conscription
39:15 Husbandry
40:08 Murder Holes
40:33 Bombard Tower
51:02 Heavy Scorpion
Bolty
14:12 Feudal Age
20:14 Castle Age
18:22 Horse Collar
18:28 Double-Bit Axe
30:02 Imperial Age
29:57 Forging
31:44 Chemistry
31:26 Wheelbarrow
31:24 Heavy Plow
33:01 Bow Saw
33:55 Iron Casting
34:33 Scale Barding Armor
34:46 Hand Cart
36:40 Two-Man Saw
35:35 Stone Mining
35:48 Elite Mameluke
37:04 Ballistics
38:22 Blast Furnace
37:09 Capped Ram
39:38 Conscription
41:44 Caravan
44:26 Siege Ram
47:42 Chain Barding Armor
46:58 Pikeman
47:39 Squires
52:38 Plate Barding Armor
52:03 Scale Mail Armor
58:28 Chain Mail Armor
59:20 Man-at-Arms
62:33 Fortified Wall
62:10 Long Swordsman
62:43 Two-Handed Swordsman
63:44 Champion
74:32 Onager
75:55 Siege Onager
Dougladhnn
0:32 Loom
16:11 Feudal Age
17:58 Double-Bit Axe
17:55 Horse Collar
21:53 Stone Mining
24:10 Castle Age
23:31 Gold Mining
23:32 Stone Mining
25:26 Bow Saw
27:30 Squires
27:16 Arson
29:51 Fortified Wall
32:17 Imperial Age
30:51 Gold Shaft Mining
30:19 Heavy Plow
30:38 Pikeman
31:45 Scale Mail Armor
31:56 Forging
31:58 Caravan
34:39 Chain Mail Armor
35:00 Iron Casting
35:31 Crop Rotation
35:01 Town Watch
36:30 Conscription
37:26 Chieftains
38:37 Town Patrol
39:23 Hoardings
38:38 Treadmill Crane
39:09 Masonry
41:28 Plate Mail Armor
41:58 Blast Furnace
41:11 Pikeman
57:36 Elite Berserk
66:18 Crossbowman
66:46 Arbalester
67:32 Fletching
67:55 Padded Archer Armor
70:04 Bodkin Arrow
70:25 Leather Archer Armor
71:32 Bogsveigar
72:14 Ring Archer Armor
73:48 Bracer
sentoginerzarra
0:30 Loom
14:19 Feudal Age
15:36 Wheelbarrow
14:48 Double-Bit Axe
15:03 Stone Mining
15:59 Gold Mining
24:06 Castle Age
22:27 Forging
22:34 Scale Barding Armor
25:29 Hand Cart
28:00 Iron Casting
28:25 Bow Saw
29:14 #83
31:29 Gold Shaft Mining
31:22 Fervor
31:40 Husbandry
33:35 Fortified Wall
34:03 Light Cavalry
35:11 Chain Barding Armor
38:49 Imperial Age
38:22 Scale Mail Armor
39:37 Chivalry
39:01 Cavalier
40:07 Conscription
40:26 Plate Barding Armor
40:54 Blast Furnace
40:10 Chain Mail Armor
41:11 Chemistry
40:17 Siege Engineers
40:20 Elite Throwing Axeman
41:41 Hoardings
41:25 Paladin
42:17 Caravan
43:47 Ballistics
43:23 Murder Holes
44:02 Plate Mail Armor
52:53 Pikeman
53:33 Squires
53:58 Halberdier
56:17 Arson
KIK 9
14:04 Feudal Age
15:03 Double-Bit Axe
15:11 Horse Collar
23:51 Castle Age
23:32 Forging
24:55 Bow Saw
27:31 Heavy Plow
31:48 Wheelbarrow
31:38 Stone Mining
31:39 Gold Mining
34:51 Caravan
38:50 Imperial Age
36:05 Crossbowman
36:50 Thumb Ring
36:54 Pikeman
37:34 Squires
39:15 Conscription
40:53 Forced Levy
42:15 Hand Cart
43:22 Gold Shaft Mining
43:23 Stone Shaft Mining
43:36 Stone Shaft Mining
45:45 Fletching
45:56 Padded Archer Armor
46:33 Iron Casting
47:24 Arbalester
47:31 Halberdier
47:52 Elite Karambit Warrior
50:26 Blast Furnace
49:21 Bodkin Arrow
49:43 Leather Archer Armor
54:31 Murder Holes
54:17 Treadmill Crane
54:43 Siege Engineers
55:39 Chemistry
54:59 Ballistics
55:50 Bracer
56:21 Ring Archer Armor
59:51 Crop Rotation
59:38 Masonry
Connection lost

Rejoining the realm…

Still unreachable

The connection could not be restored.

Session expired

The server has moved on; the page needs a fresh start.